IL
TOLEDO MUD HENS @ PAWTUCKET RED SOX
08/12/2045
 
TOP OF THE 1ST
Toledo Mud Hens batting - Pitching for Pawtucket Red Sox : RHP Scott Staples
Pitching: RHP Scott Staples
Batting: LHB Jamel Alexander 0-0: Ball
1-0: Foul Ball, location: 2F
1-1: SINGLE (Groundball, 4MD, EV 106.2 MPH)
Batting: RHB Ken DiFerdinando 0-0: Ball
1-0: Swinging Strike
1-1: Ball
2-1: Ball
3-1: Foul Ball, location: 2F
3-2: Strikes out swinging
Jamel Alexander steals 2nd base
Batter strikes out.
Batting: LHB Conrad Taylor 0-0: Ball
1-0: Called Strike
1-1: Ball
2-1: Foul Ball, location: 2F
2-2: Ball
3-2: Foul Ball, location: 2F
3-2: Strikes out looking
Batting: LHB Andy Schumacher 0-0: Ball
1-0: Ball
2-0: Ball
3-0: Called Strike
3-1: Called Strike
3-2: Strikes out swinging
Top of the 1st over - 0 runs, 1 hit, 0 errors, 1 left on base; Toledo 0 - Pawtucket 0
BOTTOM OF THE 1ST
Pawtucket Red Sox batting - Pitching for Toledo Mud Hens : LHP John McRight
Pitching: LHP John McRight
Batting: RHB Theo van Gent 0-0: Ball
1-0: Foul Ball, location: 2F
1-1: Ball
2-1: Fly out, F6 (Flyball, 6D, EV 87.5 MPH)
Batting: RHB David Norum 0-0: Ground out 4-3 (Groundball, 4, EV 85.0 MPH)
Batting: LHB Shoichi Aso 0-0: Ball
1-0: Foul Ball, location: 2F
1-1: Foul Ball, location: 2F
1-2: Ball
2-2: Ball
3-2: Ground out 6-3 (Groundball, 4M, EV 100.0 MPH)
Bottom of the 1st over - 0 runs, 0 hits, 0 errors, 0 left on base; Toledo 0 - Pawtucket 0
TOP OF THE 2ND
Toledo Mud Hens batting - Pitching for Pawtucket Red Sox : RHP Scott Staples
Batting: RHB Tim Borden 0-0: Ball
1-0: Ball
2-0: Called Strike
2-1: Foul Ball, location: 2F
2-2: Fly out, F8 (Flyball, 8RS, EV 95.6 MPH)
Batting: LHB Frank McConnell 0-0: Ball
1-0: Ball
2-0: Called Strike
2-1: Swinging Strike
2-2: Foul Ball, location: 2F
2-2: Ball
3-2: Base on Balls
Batting: RHB Steve Clark 0-0: Called Strike
0-1: Ball
Frank McConnell steals 2nd base
1-1: Called Strike
1-2: Foul Ball, location: 2F
1-2: Strikes out swinging
Batting: RHB Casey Knutson 0-0: Ball
1-0: Foul Ball, location: 2F
1-1: Ball
2-1: Ground out 6-3 (Groundball, 6S, EV 66.9 MPH)
Top of the 2nd over - 0 runs, 0 hits, 0 errors, 1 left on base; Toledo 0 - Pawtucket 0
BOTTOM OF THE 2ND
Pawtucket Red Sox batting - Pitching for Toledo Mud Hens : LHP John McRight
Batting: RHB Devon Fourcade 0-0: Ball
1-0: Ball
2-0: SINGLE (Line Drive, 89S, EV 99.4 MPH)
Batting: RHB Roberto Lemus 0-0: Ball
1-0: Ball
2-0: Ball
3-0: Called Strike
3-1: Foul Ball, location: 2F
3-2: Base on Balls
Devon Fourcade to second
Batting: RHB Ernie Genier 0-0: Swinging Strike
0-1: Swinging Strike
0-2: Ball
1-2: Strikes out swinging
Batting: RHB Xavier Joslin 0-0: Foul Ball, location: 2F
0-1: Foul Ball, location: 2F
0-2: Ball
1-2: Ball
2-2: Fly out, F9 (Flyball, 9LM, EV 94.4 MPH)
Runner from 2nd tags up, SAFE at 3rd with throw by RF
Batting: RHB Dan Friess 0-0: Ball
1-0: Ball
2-0: Foul Ball, location: 2F
2-1: Fly out, F7 (Flyball, 78M, EV 88.8 MPH)
Bottom of the 2nd over - 0 runs, 1 hit, 0 errors, 2 left on base; Toledo 0 - Pawtucket 0
TOP OF THE 3RD
Toledo Mud Hens batting - Pitching for Pawtucket Red Sox : RHP Scott Staples
Batting: RHB Josh Stinnett 0-0: Ball
1-0: Foul Ball, location: 2F
1-1: Foul Ball, location: 2F
1-2: Strikes out swinging
Batting: LHB Jamel Alexander 0-0: Called Strike
0-1: Ball
1-1: SINGLE (Line Drive, 34D, EV 105.6 MPH)
Batting: RHB Ken DiFerdinando 0-0: Called Strike
0-1: Ball
1-1: Ball
2-1: Foul Ball, location: 2F
2-2: Foul Ball, location: 2F
2-2: Strikes out swinging
Batting: LHB Conrad Taylor 0-0: Ball
1-0: Called Strike
1-1: Ground out 4-3 (Groundball, 34D, EV 83.1 MPH)
Top of the 3rd over - 0 runs, 1 hit, 0 errors, 1 left on base; Toledo 0 - Pawtucket 0
BOTTOM OF THE 3RD
Pawtucket Red Sox batting - Pitching for Toledo Mud Hens : LHP John McRight
Batting: RHB Ken Jenkins 0-0: Ball
1-0: Called Strike
1-1: Swinging Strike
1-2: Strikes out swinging
Batting: RHB Theo van Gent 0-0: SINGLE (Groundball, 6MD, EV 103.8 MPH)
Batting: RHB David Norum 0-0: Ball
Theo van Gent steals 2nd, throwing error, E2
Theo van Gent to third
1-0: Ball
2-0: Ball
3-0: Base on Balls
Batting: LHB Shoichi Aso 0-0: Called Strike
0-1: Called Strike
0-2: Fielders Choice at 2nd, 6-4 (Groundball, 6M, EV 91.2 MPH)
Theo van Gent scores
Batting: RHB Devon Fourcade 0-0: Ball
1-0: Fly out, F9 (Flyball, 89M, EV 92.5 MPH)
Bottom of the 3rd over - 1 run, 1 hit, 1 error, 1 left on base; Toledo 0 - Pawtucket 1
TOP OF THE 4TH
Toledo Mud Hens batting - Pitching for Pawtucket Red Sox : RHP Scott Staples
Batting: LHB Andy Schumacher 0-0: Ball
1-0: Called Strike
1-1: Swinging Strike
1-2: Ball
2-2: SINGLE (Groundball, 4D, EV 93.8 MPH)
Batting: RHB Tim Borden 0-0: Swinging Strike
0-1: Ball
1-1: Swinging Strike
1-2: Ball
2-2: Foul Ball, location: 2F
2-2: Ball
3-2: Grounds into double play, 6-4-3 (Groundball, 56, EV 106.9 MPH)
Batting: LHB Frank McConnell 0-0: Called Strike
0-1: Ball
1-1: Ball
2-1: Ball
3-1: Base on Balls
Batting: RHB Steve Clark 0-0: Called Strike
0-1: SINGLE (Flyball, 9S, EV 94.4 MPH)
Frank McConnell to second
Runner from 2nd tries for 3rd, SAFE, throw by RF made to third
Batting: RHB Casey Knutson 0-0: Called Strike
0-1: Ball
1-1: Called Strike
1-2: Strikes out looking
Top of the 4th over - 0 runs, 2 hits, 0 errors, 2 left on base; Toledo 0 - Pawtucket 1
BOTTOM OF THE 4TH
Pawtucket Red Sox batting - Pitching for Toledo Mud Hens : LHP John McRight
Batting: RHB Roberto Lemus 0-0: Called Strike
0-1: Ball
1-1: Swinging Strike
1-2: Ball
2-2: Strikes out swinging
Batting: RHB Ernie Genier 0-0: SINGLE (Line Drive, 78S, EV 102.5 MPH)
Batting: RHB Xavier Joslin 0-0: Fly out, F8 (Line Drive, 8RD, EV 88.8 MPH)
Batting: RHB Dan Friess 0-0: Foul Ball, location: 2F
0-1: SINGLE (Groundball, 34D, EV 103.1 MPH)
Ernie Genier to second
Runner from 2nd tries for 3rd, OUT! 9-5
Bottom of the 4th over - 0 runs, 2 hits, 0 errors, 1 left on base; Toledo 0 - Pawtucket 1
TOP OF THE 5TH
Toledo Mud Hens batting - Pitching for Pawtucket Red Sox : RHP Scott Staples
Batting: RHB Josh Stinnett 0-0: Foul Ball, location: 2F
0-1: Ball
1-1: Called Strike
1-2: Ball
2-2: Ground out 6-3 (Groundball, 6, EV 86.2 MPH)
Batting: LHB Jamel Alexander 0-0: Ball
1-0: SINGLE (Groundball, 4MD, EV 105.6 MPH) (infield hit)
Batting: RHB Ken DiFerdinando 0-0: Ball
1-0: Called Strike
1-1: Grounds into double play, 6-4-3 (Groundball, 6, EV 84.4 MPH)
Top of the 5th over - 0 runs, 1 hit, 0 errors, 0 left on base; Toledo 0 - Pawtucket 1
BOTTOM OF THE 5TH
Pawtucket Red Sox batting - Pitching for Toledo Mud Hens : LHP John McRight
Now at 2B: Jamie Roberts
Now at 3B: Frank McConnell
Batting: RHB Ken Jenkins 0-0: Ball
1-0: Ground out 4-3 (Groundball, 4MD, EV 88.1 MPH)
Batting: RHB Theo van Gent 0-0: Called Strike
0-1: Ball
1-1: Foul Ball, location: 2F
1-2: Fly out, F3 (Line Drive, 3, EV 65.6 MPH)
Batting: RHB David Norum 0-0: Called Strike
0-1: Ball
1-1: Ball
2-1: SINGLE (Groundball, 13, EV 85.0 MPH) (infield hit)
Batting: LHB Shoichi Aso 0-0: Called Strike
0-1: Ball
1-1: Ground out 4-3 (Groundball, 4S, EV 63.1 MPH)
Bottom of the 5th over - 0 runs, 1 hit, 0 errors, 1 left on base; Toledo 0 - Pawtucket 1
TOP OF THE 6TH
Toledo Mud Hens batting - Pitching for Pawtucket Red Sox : RHP Scott Staples
Batting: LHB Conrad Taylor 0-0: Ball
1-0: Called Strike
1-1: Foul Ball, location: 2F
1-2: Ball
2-2: Ground out 1-3 (Groundball, P, EV 72.5 MPH)
Batting: LHB Andy Schumacher 0-0: Called Strike
0-1: Ball
1-1: Swinging Strike
1-2: Ball
2-2: Ground out 6-3 (Groundball, 4, EV 83.1 MPH)
Batting: RHB Tim Borden 0-0: Ball
1-0: Ball
2-0: Ball
3-0: Called Strike
3-1: Ground out 6-3 (Groundball, 56, EV 103.1 MPH)
Top of the 6th over - 0 runs, 0 hits, 0 errors, 0 left on base; Toledo 0 - Pawtucket 1
BOTTOM OF THE 6TH
Pawtucket Red Sox batting - Pitching for Toledo Mud Hens : LHP John McRight
Batting: RHB Devon Fourcade 0-0: Called Strike
0-1: Called Strike
0-2: Fly out, F9 (Flyball, 9LM, EV 97.5 MPH)
Batting: RHB Roberto Lemus 0-0: Ball
1-0: Foul Ball, location: 2F
1-1: Foul Ball, location: 2F
1-2: Ball
2-2: Ball
3-2: Base on Balls
Batting: RHB Ernie Genier 0-0: Ball
Roberto Lemus steals 2nd base
1-0: Called Strike
1-1: Foul Ball, location: 2F
1-2: Ball
2-2: Foul Ball, location: 2F
2-2: Ball
3-2: Base on Balls
Batting: RHB Xavier Joslin 0-0: DOUBLE (Line Drive, 89D, EV 112.5 MPH)
Roberto Lemus scores
Ernie Genier to third
Batting: RHB Dan Friess 0-0: Called Strike
0-1: Ball
1-1: Foul Ball, location: 2F
1-2: Ground out 3-1 (Groundball, 34S, EV 88.1 MPH)
Ernie Genier scores
Xavier Joslin to third
Batting: RHB Ken Jenkins 0-0: Ball
1-0: SINGLE (Groundball, 34D, EV 95.6 MPH)
Xavier Joslin scores
Batting: RHB Theo van Gent 0-0: Foul Ball, location: 2F
0-1: Ball
1-1: Fly out, F8 (Flyball, 78M, EV 81.9 MPH)
Bottom of the 6th over - 3 runs, 2 hits, 0 errors, 1 left on base; Toledo 0 - Pawtucket 4
TOP OF THE 7TH
Toledo Mud Hens batting - Pitching for Pawtucket Red Sox : RHP Scott Staples
Pitching: RHP Edwin Carrasco
Batting: LHB Frank McConnell 0-0: Ball
1-0: SINGLE (Groundball, 4MD, EV 103.8 MPH)
Batting: RHB Steve Clark 0-0: Ball
1-0: Swinging Strike
1-1: Sac Bunt to 25 - play at first, batter OUT! 5-3
Frank McConnell to second
Batting: SHB Jamie Roberts 0-0: Called Strike
0-1: Ball
1-1: Foul Ball, location: 2F
1-2: Ball
2-2: Ball
3-2: Strikes out swinging
Batting: RHB Josh Stinnett 0-0: Ball
1-0: Foul Ball, location: 2F
1-1: Ball
2-1: Foul Ball, location: 2F
2-2: Strikes out looking
Top of the 7th over - 0 runs, 1 hit, 0 errors, 1 left on base; Toledo 0 - Pawtucket 4
BOTTOM OF THE 7TH
Pawtucket Red Sox batting - Pitching for Toledo Mud Hens : LHP John McRight
Batting: RHB David Norum 0-0: Fly out, F3 (Flyball, 3D, EV 89.4 MPH)
Batting: LHB Shoichi Aso 0-0: Ball
1-0: Ball
2-0: Called Strike
2-1: Fly out, F2 (Popup, 2L, EV 94.4 MPH)
Batting: RHB Devon Fourcade 0-0: Fly out, F3 (Popup, 3SF, EV 75.6 MPH)
Bottom of the 7th over - 0 runs, 0 hits, 0 errors, 0 left on base; Toledo 0 - Pawtucket 4
TOP OF THE 8TH
Toledo Mud Hens batting - Pitching for Pawtucket Red Sox : RHP Edwin Carrasco
Pitching: RHP Billy Fitzgerald
Batting: LHB Jamel Alexander 0-0: Ball
1-0: Ball
2-0: Called Strike
2-1: Foul Ball, location: 2F
2-2: Ball
3-2: Base on Balls
Pinch Hitting: RHB Chris Wheatley 0-0: Ball
1-0: Foul Ball, location: 2F
1-1: Ball
2-1: Called Strike
2-2: Ball
3-2: Strikes out swinging
Batting: LHB Conrad Taylor 0-0: Ball
1-0: Foul Ball, location: 2F
1-1: Swinging Strike
1-2: Strikes out swinging
Batting: LHB Andy Schumacher 0-0: Ball
1-0: Swinging Strike
1-1: Ball
2-1: Ball
3-1: Fly out, F9 (Flyball, 9, EV 86.2 MPH)
Top of the 8th over - 0 runs, 0 hits, 0 errors, 1 left on base; Toledo 0 - Pawtucket 4
BOTTOM OF THE 8TH
Pawtucket Red Sox batting - Pitching for Toledo Mud Hens : LHP John McRight
Now in LF: Raul Morales
Batting: RHB Roberto Lemus 0-0: Ball
1-0: Foul Ball, location: 2F
1-1: Called Strike
1-2: Ball
2-2: DOUBLE (Line Drive, 7LM, EV 104.4 MPH)
Pitching: RHP Mike Kirk
Batting: RHB Ernie Genier 0-0: Swinging Strike
0-1: Ground out 4-3 (Groundball, 4, EV 81.2 MPH)
Roberto Lemus to third
Batting: RHB Xavier Joslin 0-0: Ball
1-0: Ball
2-0: Swinging Strike
2-1: Ground out 4-3 (Groundball, 4, EV 85.6 MPH)
Roberto Lemus scores
Batting: RHB Dan Friess 0-0: Called Strike
0-1: Swinging Strike
0-2: Strikes out looking
Bottom of the 8th over - 1 run, 1 hit, 0 errors, 0 left on base; Toledo 0 - Pawtucket 5
TOP OF THE 9TH
Toledo Mud Hens batting - Pitching for Pawtucket Red Sox : RHP Billy Fitzgerald
Batting: RHB Tim Borden 0-0: Swinging Strike
0-1: Foul Ball, location: 2F
0-2: Ball
1-2: Ball
2-2: Strikes out swinging
Batting: LHB Frank McConnell 0-0: Fly out, F8 (Flyball, 89M, EV 88.8 MPH)
Batting: RHB Steve Clark 0-0: Ball
1-0: Foul Ball, location: 2F
1-1: SINGLE (Groundball, 6MD, EV 98.8 MPH)
Batting: SHB Jamie Roberts 0-0: Foul Ball, location: 2F
0-1: Ball
1-1: Ball
Wild Pitch!
Steve Clark to second
2-1: Foul Ball, location: 2F
2-2: Ball
3-2: Fly out, F4 (Flyball, 3D, EV 79.4 MPH)
Top of the 9th over - 0 runs, 1 hit, 0 errors, 1 left on base; Toledo 0 - Pawtucket 5
Wednesday, June 22nd , 2022 - OOTP Baseball 23.4 Build 64